 Dungeon Crawl Stone Soup version 0.19-a0-1021-g80cc50c (webtiles) character file.

56 2tousent the Caller (level 3, 0/27 HPs)
             Began as a Merfolk Summoner on July 27, 2016.
             Slain by Sigmund
             ... wielding a +2 scythe of protection
              (11 damage)
             ... on level 2 of the Dungeon.
             The game lasted 00:06:28 (2193 turns).

2tousent the Caller (Merfolk Summoner)              Turns: 2193, Time: 00:06:28

Health: 0/27       AC:  3    Str:  8    XL:     3   Next: 97%
Magic:  2/6        EV: 14    Int: 15    God:
Gold:   75         SH:  0    Dex: 14    Spells: 3 memorised, 0 levels left

rFire  . . .     SeeInvis .     j - +0 mace
rCold  . . .     Gourm    .     a - +0 robe
rNeg   . . .     Faith    .     (no shield)
rPois  .         Spirit   .     (no helmet)
rElec  .         Dismiss  .     (no cloak)
rCorr  .         Reflect  .     (no gloves)
SustAt .         Harm     .     d - +0 pair of boots
MR     .....                    (no amulet)
Stlth  ++........               (no ring)
                                (no ring)

@: not resistant to hostile enchantments, unstealthy
A: change form in water, swift swim
a: no special abilities


You were on level 2 of the Dungeon.
You were not hungry.

You visited 1 branch of the dungeon, and saw 2 of its levels.

You collected 75 gold pieces.

Inventory:

Hand Weapons
 j - a +0 mace (weapon)
Armour
 a - a +0 robe (worn)
 d - a +0 pair of boots (worn)
Scrolls
 e - 3 scrolls of identify {unknown}
 g - a scroll of enchant armour {unknown}
 h - a scroll of magic mapping {unknown}
 i - a scroll of teleportation {unknown}
 k - a scroll of remove curse {unknown}
 n - a scroll of blinking {unknown}
 r - a scroll of enchant weapon {unknown}
Potions
 f - a potion of cure mutation {unknown}
 l - a potion of heal wounds {unknown}
 m - a potion of curing {unknown}
 p - a potion of mutation {unknown}
Books
 b - a book of Callings

   Spells                             Type                      Level
   a - Summon Small Mammal            Summoning                    1
   b - Call Imp                       Summoning                    2
   c - Call Canine Familiar           Summoning                    3
   d - Summon Guardian Golem          Hexes/Summoning              3
   e - Summon Lightning Spire         Summoning/Air                4
   f - Summon Ice Beast               Ice/Summoning                4
Comestibles
 c - 2 bread rations
 o - a meat ration
 q - 2 chunks of flesh


   Skills:
 + Level 2.0 Fighting
 + Level 3.8 Dodging
 - Level 2.1 Stealth
 + Level 2.3 Spellcasting
 + Level 4.2 Summonings


You couldn't memorise any spells.
You knew the following spells:

 Your Spells              Type           Power        Failure   Level  Hunger
a - Summon Small Mammal   Summ           ##..         4%          1    #......
b - Call Imp              Summ           ##......     8%          2    ###....
c - Call Canine Familiar  Summ           ##......     14%         3    ###....


Dungeon Overview and Level Annotations

Branches:
Dungeon (2/15)

Altars:

Annotations:
D:2 Sigmund


Message History

Sigmund gestures at your hound while chanting.
Your hound appears confused.
Sigmund hits your hound from afar with a scythe of protection!
Your hound dies!
Your hound's corpse disappears in a puff of smoke!
Sigmund shouts!
You hit Sigmund but do no damage.
Sigmund is almost dead.
Sigmund mumbles some strange words.
Sigmund flickers and vanishes!
Deactivating autopickup; reactivate with Ctrl-A.
You miss something.
You hear some strange, mumbled words.
A puff of flame appears from out of thin air!
The puff of flame misses you.
Casting: Call Canine Familiar
Confirm with . or Enter, or press ? or * to list all spells.
You don't have enough magic to cast that spell.
You hit something but do no damage. Something hits you!
You die...

..#.##.# #. ....##.## #.
...###..# #.# ...#
##.#####.# ...#
#.....#.######## ...#
##.............##
..######....##........#.
.......####..(...>......
.#####.#
##.##รท.@.......
.#####.#..#.##).{.......
..)....####.#...........
...##..# #....%........
.#..# ......##.........
.##.... .### #.........
........ ##........
.....### ##.......
...#..


There were no monsters in sight!

Vanquished Creatures
  An adder (D:2)
  2 bats (D:1)
  2 giant cockroaches (D:1)
  2 goblins
  3 hobgoblins
  A kobold (D:1)
  4 rats
15 creatures vanquished.

Vanquished Creatures (collateral kills)
  3 adders (D:2)
  2 oozes (D:1)
  2 dart slugs (D:1)
  2 goblins
  3 hobgoblins
  6 jackals (D:2)
  A giant newt (D:1)
  3 rats
22 creatures vanquished.

Grand Total: 37 creatures vanquished

Notes
Turn   | Place    | Note
-------+----------+-------------------------------------------
     0 | D:1      | 2tousent the Merfolk Summoner began the quest for the Orb.
     0 | D:1      | Reached XP level 1. HP: 13/13 MP: 3/3
   603 | D:1      | Reached XP level 2. HP: 14/19 MP: 5/5
   611 | D:1      | Learned a level 2 spell: Call Imp
  1643 | D:1      | Reached skill level 1 in Fighting
  1643 | D:1      | Reached XP level 3. HP: 23/26 MP: 3/6
  1648 | D:1      | Learned a level 3 spell: Call Canine Familiar
  2175 | D:2      | Noticed Sigmund
  2193 | D:2      | Slain by Sigmund

Vault maps used:
D:1:      dpeg_arrival_castle
D:2:      lemuel_blue_sif_altar, serial_aquarium, aquarium_bridge_square,
          aquarium_window_1, aquarium_window_corner, aquarium_view_2b,
          aquarium_view_2f, aquarium_balcony_5a, first_bread,
          kennysheep_jessica_study, uniq_sigmund, uniq_jessica

Skill      XL: |  1  2  3 |
---------------+----------+-----
Dodging        | 3 |  3.8
Fighting       | 1 2 |  2.0
Stealth        | |  2.1
Spellcasting   | |  2.3
Summonings     | |  4.2

Action                   || total
-------------------------++-------
Melee: Unarmed           ||    71
       Mace              ||    61
 Cast: Summon Small Mamm ||     7
       Call Imp          ||    12
       Call Canine Famil ||     5
  Eat: Chunk             ||     6
Armor: Robe              ||    29
Dodge: Dodged            ||   114
